 Dungeon Crawl Stone Soup version 0.23.2-30-g0e89c35649 (webtiles) character file.

Game seed: 3741799206538309037

2497 CheeseeCupcake the Cleaver (level 9, -1/72 HPs)
             Began as a Minotaur Monk on June 12, 2019.
             Slain by a hound (4 damage)
             ... on level 7 of the Dungeon.
             The game lasted 00:22:55 (8161 turns).

CheeseeCupcake the Cleaver (Minotaur Monk)          Turns: 8161, Time: 00:22:56

Health: -1/72      AC:  8    Str: 20    XL:     9   Next: 28%
Magic:  8/8        EV: 12    Int:  7    God:
Gold:   383        SH:  0    Dex: 12    Spells: 8/8 levels left

rFire    . . .     SeeInvis .   a - +1 hand axe (venom)
rCold    . . .     Gourm    .   (no shield)
rNeg     . . .     Faith    .   m - +0 scale mail
rPois    .         Spirit   .   (helmet restricted)
rElec    .         Reflect  .   e - +0 cloak
rCorr    .         Harm     .   (no gloves)
MR       .....                  x - +0 pair of boots
Stlth    ..........             (no amulet)
HPRegen  0.22/turn              (no ring)
MPRegen  0.11/turn              (no ring)

@: no status effects
A: retaliatory headbutt, horns 2
a: no special abilities


You were on level 7 of the Dungeon.
You were hungry.

You visited 1 branch of the dungeon, and saw 9 of its levels.

You collected 383 gold pieces.

Inventory:

Hand Weapons
 a - a +1 hand axe of venom (weapon)
 b - a +0 blowgun
Missiles
 f - 297 stones (quivered)
 v - 17 poisoned needles
Armour
 e - a +0 cloak (worn)
 m - a +0 scale mail (worn)
 x - a +0 pair of boots (worn)
Jewellery
 q - a cursed amulet of inaccuracy {unknown}
 C - an uncursed ring of protection from cold {unknown}
Wands
 g - a wand of polymorph (12)
 h - a wand of acid (8)
Scrolls
 n - 2 scrolls of teleportation
 p - 2 scrolls of remove curse
Potions
 d - a potion of curing
 i - 2 potions of magic {unknown}
 j - a potion of ambrosia {unknown}
 o - 4 potions of heal wounds {unknown}
 r - a potion of might {unknown}
 s - 4 potions of lignification
 t - a potion of brilliance {unknown}
 z - a potion of agility {unknown}
Comestibles
 c - 7 rations
 k - 3 chunks of flesh


   Skills:
 - Level 4.4 Fighting
 * Level 12.8 Axes
 * Level 4.6 Throwing
 + Level 5.2 Dodging
 - Level 2.0 Stealth


You had 8 spell levels left.
You didn't know any spells.
Your spell library was empty.

Dungeon Overview and Level Annotations

Branches:
Dungeon (9/15)
 Temple: D:4-7         Lair: D:8-11         Orc: D:9-12

Altars:
Kikubaaqudgha
Okawaru

Shops:
D:6 [


Innate Abilities, Weirdness & Mutations

You reflexively headbutt those who attack you in melee.
You have a pair of horns on your head.


Message History

* * * LOW HITPOINT WARNING * * *
The hound bites you but does no damage.
You hit the hound.
The hound looks as sick as possible!
The hound is heavily wounded.
The centaur shoots an arrow.
The arrow misses you. The hound misses you.
You hit the hound but do no damage.
The hound looks as sick as possible!
The hound is heavily wounded.
The hound closely misses you.
You hit the centaur.
The centaur is poisoned.
Your headbutt misses the centaur.
The centaur is lightly wounded.
You hit the hound.
The hound looks as sick as possible!
The centaur hits you but does no damage.
The hound bites you but does no damage.
You hit the centaur.
The centaur looks as sick as possible!
Your headbutt misses the centaur.
The centaur is moderately wounded.
You hit the hound.
The hound looks as sick as possible!
The centaur hits you but does no damage.
The hound bites you.
You die...

.. #... ##...
#....
#....###+####
#..........(#
#......>...#
##....h.....#
#....c@.....#
#....##....##
#... #....#
#.. #.......
#. #....... #
#........
########
#........
#......#
###+##.
#......+


You could see a centaur and a hound.

Vanquished Creatures
  Eustachio (D:4)
  A water moccasin (D:8)
  Duvessa (D:4)
  A black bear (D:5)
  2 sky beasts
  2 phantoms
  2 bullfrogs
  Dowan (D:4)
  A scorpion (D:5)
  5 killer bees (D:8)
  5 wights (D:6)
  2 jellies
  A centaur zombie (D:6)
  3 orc priests
  3 hounds
  Crazy Yiuf (D:3)
  A centaur skeleton (D:4)
  A bullfrog skeleton (D:6)
  2 iguanas
  Natasha (thrice) (D:2)
  Terence (D:2)
  6 worker ants
  7 orc wizards
  A worker ant zombie (D:4)
  7 gnolls
  2 adders
  3 shadow imps
  2 adder zombies
  An adder skeleton (D:6)
  3 worms
  A dart slug (D:3)
  3 leopard geckos
  17 orcs
  4 bats
  8 goblins
  7 hobgoblins
  5 quokkas
  A ball python (D:4)
  4 frilled lizards
  11 kobolds
  A leopard gecko skeleton (D:2)
  3 rats
137 creatures vanquished.

Notes
Turn   | Place    | Note
-------+----------+-------------------------------------------
     0 | D:1      | CheeseeCupcake the Minotaur Monk began the quest for the
                  | Orb.
     0 | D:1      | Reached XP level 1. HP: 19/19 MP: 0/0
   464 | D:1      | Reached skill level 4 in Axes
   535 | D:1      | Reached XP level 2. HP: 27/27 MP: 1/1
  1175 | D:2      | Noticed Terence
  1191 | D:2      | Killed Terence
  1191 | D:2      | Reached XP level 3. HP: 25/33 MP: 2/2
  1451 | D:2      | Noticed Natasha
  1458 | D:2      | Killed Natasha
  1458 | D:2      | Reached skill level 5 in Axes
  1458 | D:2      | Reached XP level 4. HP: 33/40 MP: 3/3
  1770 | D:2      | Noticed Natasha
  1777 | D:2      | Killed Natasha
  1936 | D:2      | Noticed Natasha
  1948 | D:2      | Killed Natasha
  2310 | D:3      | Reached skill level 6 in Axes
  2310 | D:3      | Reached XP level 5. HP: 44/47 MP: 4/4
  2714 | D:3      | Reached skill level 1 in Throwing
  2990 | D:3      | Reached skill level 7 in Axes
  3136 | D:3      | Found a runed translucent door.
  3137 | D:3      | Noticed Crazy Yiuf
  3149 | D:3      | Killed Crazy Yiuf
  3149 | D:3      | Reached XP level 6. HP: 23/53 MP: 5/5
  3978 | D:4      | Noticed Eustachio
  4015 | D:4      | Killed Eustachio
  4015 | D:4      | Reached skill level 8 in Axes
  4015 | D:4      | Reached XP level 7. HP: 55/60 MP: 6/6
  4190 | D:5      | Entered Level 5 of the Dungeon
  4340 | D:4      | Noticed Duvessa
  4342 | D:4      | Noticed Dowan
  4353 | D:4      | Killed Duvessa
  4353 | D:4      | Reached skill level 9 in Axes
  4360 | D:4      | Killed Dowan
  5477 | D:6      | Found an iron altar of Okawaru.
  5489 | D:5      | Reached skill level 10 in Axes
  5489 | D:5      | Reached XP level 8. HP: 45/67 MP: 7/7
  6347 | D:5      | Got a distressingly furry robe
  6563 | D:5      | Identified the cursed +1 robe of the Armoured One {Stlth+}
                  | (You found it on level 5 of the Dungeon)
  6614 | D:6      | Found Web Zibral's Armour Emporium.
  6616 | D:7      | Found an ancient bone altar of Kikubaaqudgha.
  6643 | D:6      | Reached skill level 11 in Axes
  7758 | D:7      | Noticed a two-headed ogre
  7844 | D:8      | Reached skill level 12 in Axes
  7844 | D:8      | Reached XP level 9. HP: 56/72 MP: 8/8
  7973 | D:8      | Reached skill level 5 in Dodging
  8157 | D:7      | HP: 3/72 [centaur/arrow (7)]
  8161 | D:7      | Slain by a hound

Skill      XL: |  1  2  3  4  5  6  7  8  9 |
---------------+----------------------------+-----
Axes           | 4 5 6 7 8 10 12 | 12.8
Fighting       | 4 |  4.4
Stealth        | 2 |  2.0
Throwing       | 1 2 3 4 |  4.6
Dodging        | 4 5 |  5.2

Action                   |  1- 3 |  4- 6 |  7- 9 || total
-------------------------+-------+-------+-------++-------
Melee: Hand axe          |    61 |   176 |   256 ||   493
       Headbutt          |     4 |    35 |    28 ||    67
 Fire: Blowgun           |       |    12 |       ||    12
  Use: Scroll            |       |       |    11 ||    11
 Stab: Sleeping          |     3 |       |       ||     3
  Eat: Chunk             |     2 |     8 |     9 ||    19
       Ration            |       |       |     1 ||     1
Armor: Scale mail        |    11 |    41 |    88 ||   140
       Robe              |     2 |       |       ||     2
Dodge: Dodged            |    32 |    78 |   136 ||   246
